 Dungeon Crawl Stone Soup version 0.31.0-12-g77e489cdc1 (webtiles) character file.

Game seed: 14705828610794606061

289 PaiMei the Purveyor of Pain (level 6, -27/41 HPs)
             Began as a Demonspawn Necromancer on Mar 4, 2024.
             Was an Initiate of Kikubaaqudgha.
             Annihilated by an orc warrior
             ... wielding a +2 heavy broad axe
              (29 damage)
             ... on level 4 of the Dungeon.
             The game lasted 00:05:53 (4649 turns).

PaiMei the Purveyor of Pain (DsNe)                  Turns: 4649, Time: 00:05:53

Health: -27/41     AC:  3    Str:  8    XL:     6   Next: 9%
Magic:  7/11       EV: 13    Int: 18    God:    Kikubaaqudgha [......]
Gold:   184        SH:  0    Dex: 13    Spells: 10/11 levels left

rFire   . . .        v - +1 dagger (venom)
rCold   . . .        (no shield)
rNeg    . . .        a - +0 robe
rPois   .            (helmet restricted)
rElec   .            (no cloak)
rCorr   .            m - +0 pair of gloves
SInv    .            (no boots)
Will    +....        (no amulet)
Stlth   ++           w - ring of willpower
HPRegen 0.26/turn    y - ring of wizardry
MPRegen 0.12/turn

%: wizardry (x1)
@: no status effects
A: horns 1, powered by death 1, demonic magic 2
a: Renounce Religion


You were on level 4 of the Dungeon.
You worshipped Kikubaaqudgha.
Kikubaaqudgha was noncommittal.
You visited 2 branches of the dungeon, and saw 5 of its levels.

You collected 184 gold pieces.

Inventory:

Hand Weapons
 c - a +1 hand axe of freezing
 v - a +1 dagger of venom (weapon)
Missiles
 l - 6 poisoned darts (quivered)
 o - a throwing net
Armour
 a - a +0 robe (worn)
 m - a +0 pair of gloves (worn)
Jewellery
 f - a ring of flight
 w - a ring of willpower (left hand)
 y - a ring of wizardry (right hand)
Scrolls
 d - 2 scrolls of amnesia {unknown}
 e - 3 scrolls of teleportation
 h - 2 scrolls of blinking {unknown}
 i - a scroll of torment {unknown}
 j - a scroll of silence {unknown}
 n - 2 scrolls of noise {unknown}
 r - 2 scrolls of identify {unknown}
 t - a scroll of fog {unknown}
Potions
 b - a potion of magic
 g - a potion of ambrosia {unknown}
 k - 3 potions of enlightenment {unknown}
 p - 2 potions of curing {unknown}
 q - 2 potions of attraction {unknown}
 s - a potion of cancellation {unknown}
 u - a potion of lignification {unknown}
 x - a potion of resistance {unknown}
 z - a potion of brilliance {unknown}


   Skills:
 + Level 3.2 Dodging
 + Level 3.4 Stealth
 + Level 3.3 Spellcasting
 + Level 5.5 Necromancy


You had 10 spell levels left.
You knew the following spells:

 Your Spells              Type           Power      Damage    Failure   Level
a - Necrotise             Necr           88%        1d8       1%          1

Your spell library contained the following spells:

 Spells                   Type           Power      Damage    Failure   Level
 Vampiric Draining        Necr           22%        2d7       1%          3
 Animate Dead             Necr           22%        N/A       6%          4
 Ensorcelled Hibernation  Hex/Ice        6%         N/A       10%         2
 Curse of Agony           Necr           22%        N/A       17%         5
 Passwall                 Erth           3%         N/A       19%         3
 Swiftness                Air            3%         N/A       19%         3
 Cause Fear               Hex            1%         N/A       50%         4
 Shatter                  Erth           1%         3d6*      100%        9


Dungeon Overview and Level Annotations

Branches:
Dungeon (4/15)             Temple (1/1) D:4

Altars:
Ashenzari
Cheibriados
Dithmenos
Gozag
Kikubaaqudgha
Makhleb
Okawaru
Qazlal
Ru
Uskayaw
Vehumet
Wu Jian
Yredelemnul

Annotations:
D:4 Dowan, Duvessa


Innate Abilities, Weirdness & Mutations

You have a pair of small horns on your head.
You regenerate a little health from kills.
Spells you cast may paralyse nearby enemies.


Message History

Casting: Necrotise (safe; 1% risk of failure)
Confirm with . or Enter, or press ? or * to list all spells.
You don't know that spell.
Casting: Necrotise (safe; 1% risk of failure)
Confirm with . or Enter, or press ? or * to list all spells.
You don't know that spell.
Casting: Necrotise (safe; 1% risk of failure)
Confirm with . or Enter, or press ? or * to list all spells.
You don't know that spell.
Casting: Necrotise (safe; 1% risk of failure)
Confirm with . or Enter, or press ? or * to list all spells.
You don't know that spell.
Casting: Necrotise (safe; 1% risk of failure)
Confirm with . or Enter, or press ? or * to list all spells.
You don't know that spell.
Casting: Necrotise (safe; 1% risk of failure)
Confirm with . or Enter, or press ? or * to list all spells.
Aiming: Necrotise (safe; 1% risk of failure)
Press: ? - help, Shift-Dir - straight line, f - orc warrior
Aim: an orc warrior, wielding a +0 orcbow and wearing a +0 plate armour (chance to affect: 81%)
The orc warrior barely resists.
Malevolent energies surge around you.
The orc warrior unwields a +0 orcbow.
The orc warrior wields a +2 heavy broad axe.
The orc warrior barely misses you.
Casting: Necrotise (safe; 1% risk of failure)
Confirm with . or Enter, or press ? or * to list all spells.
Aiming: Necrotise (safe; 1% risk of failure)
Press: ? - help, Shift-Dir - straight line, f/p - orc warrior
Aim: an orc warrior, wielding a +2 heavy broad axe and wearing a +0 plate armour (chance to affect: 81%)
The orc warrior writhes in agony.
Malevolent energies surge around you.
Casting: Necrotise (safe; 1% risk of failure)
Confirm with . or Enter, or press ? or * to list all spells.
Aiming: Necrotise (safe; 1% risk of failure)
Press: ? - help, Shift-Dir - straight line, f/p - orc warrior
Aim: an orc warrior, wielding a +2 heavy broad axe and wearing a +0 plate armour (moderately wounded, chance to affect: 81%)
The orc warrior writhes in agony.
Malevolent energies surge around you.
The orc warrior hits you with a +2 heavy broad axe!!
Ouch! That really hurt!
You die...
Kikubaaqudgha rasps: "You have failed me!
Welcome... death!"

#.......##..#..#...###.........
##........##...##...# #.........
#...#......##..#...## #.#.).....
##...##......####...#..#.#.......
#...####......##...##.##.#.....#.
#...# ##......#...#o. #.#.......
...## ##........##K# #.#.......
...# ##.......#.Z###.#.......
..## ##....@##... #.#....... ..#
##...o#..## #.#....... .##
##.)##...# #.#....... .+
##.'..#..)#....#.... ## ######
######...... # ####### #


You could see an orc warrior.

Vanquished Creatures
  Blork the orc (D:4)
  2 jellies
  A sleepcap (D:4)
  An orc wizard (D:3)
  3 adders
  10 orcs
  5 ball pythons
  3 bats
  9 endoplasms
  3 giant cockroaches
  16 goblins
  8 hobgoblins
  A quokka (D:1)
  3 frilled lizards
  6 kobolds
  3 rats
75 creatures vanquished.

Vanquished Creatures (collateral kills)
  A goblin (D:3)
1 creature vanquished.

Grand Total: 76 creatures vanquished

Notes
Turn   | Place    | Note
-------+----------+-------------------------------------------
     0 | D:1      | PaiMei the Demonspawn Necromancer began the quest for the
                  | Orb.
     0 | D:1      | Reached XP level 1. HP: 13/13 MP: 3/3
   303 | D:1      | Gained mutation: Spells you cast may paralyse adjacent
                  | enemies. [demonic ancestry]
   303 | D:1      | Reached XP level 2. HP: 19/19 MP: 3/5
   644 | D:1      | Got the Parchment of Heavy Jinxing
  1471 | D:2      | Gained mutation: Spells you cast may paralyse nearby
                  | enemies. [demonic ancestry]
  1471 | D:2      | Reached XP level 3. HP: 22/24 MP: 0/6
  2563 | D:3      | Reached XP level 4. HP: 30/30 MP: 1/7
  2601 | D:3      | Reached skill level 5 in Necromancy
  3161 | D:3      | Gained mutation: You have a pair of small horns on your
                  | head. [demonic ancestry]
  3161 | D:3      | Reached XP level 5. HP: 35/35 MP: 6/9
  3691 | D:4      | Found a staircase to the Ecumenical Temple.
  3707 | Temple   | Entered the Ecumenical Temple
  3712 | Temple   | Became a worshipper of Kikubaaqudgha
  3778 | D:4      | Noticed Blork the orc
  3787 | D:4      | Killed Blork the orc
  3981 | D:4      | Noticed Dowan
  3982 | D:4      | Noticed Duvessa
  4503 | D:4      | Gained mutation: You regenerate a little health from kills.
                  | [demonic ancestry]
  4503 | D:4      | Reached XP level 6. HP: 41/41 MP: 7/11
  4629 | D:4      | Noticed an orc warrior
  4645 | D:4      | HP: 1/41 [orc warrior/arrow (14)]
  4649 | D:4      | Annihilated by an orc warrior

Illustrated notes

Levels and vault maps discovered:
D:1:      minmay_arrival_plants_in_alcoves, layout_loops_corners
D:2:      layout_loops_cross, minmay_goblin_kobold_house
D:3:      corexii_shack_village, layout_loops_ring, minmay_hedge_maze
D:4:      minmay_razor_zed, layout_basic, temple_pool_b, uniq_duvessa,
          uniq_blork_the_orc
Temple:   compressed_dpeg_triangle_lava_temple

Skill      XL: |  1  2  3  4  5 |
---------------+----------------+-----
Stealth        | 2 3 |  3.4
Dodging        | 2 3 |  3.2
Necromancy     | 5 |  5.5
Spellcasting   | 3 |  3.3

Action                     |  1- 3 |  4- 6 || total
---------------------------+-------+-------++-------
  Melee: Hand axe          |     8 |    22 ||    30
         Dagger            |       |    10 ||    10
         Headbutt          |       |     7 ||     7
         Punch             |       |     1 ||     1
   Cast: Necrotise         |    72 |    68 ||   140
    Use: Scroll            |       |     1 ||     1
   Stab: Paralysed         |     3 |     1 ||     4
 Armour: Robe              |     7 |    24 ||    31
  Dodge: Dodged            |    18 |    22 ||    40
